 Dungeon Crawl Stone Soup version 0.29-a0-577-gafbf2c5d25 (webtiles) character file.

Game seed: 11569697316133118702

1581 sammy202020 the Skirmisher (level 8, -3/97 HPs)
             Began as a Demonspawn Berserker on June 14, 2022.
             Was a Priest of Trog.
             Slain by a two-headed ogre
             ... wielding a +0 giant club
              (13 damage)
             ... on level 6 of the Dungeon.
             The game lasted 00:07:36 (4752 turns).

sammy202020 the Skirmisher (Demonspawn Berserker)   Turns: 4752, Time: 00:07:36

Health: -3/97      AC: 11    Str: 17    XL:     8   Next: 60%
Magic:  8/8        EV:  8    Int: 12    God:    Trog [***...]
Gold:   303        SH:  0    Dex: 12    Spells: 7/7 levels left

rFire   . . .      SeeInvis .   a - +2 hand axe
rCold   . . .      Faith    .   (no shield)
rNeg    . . .      Spirit   .   i - +0 chain mail
rPois   .          Reflect  .   o - +0 helmet
rElec   .          Harm     .   c - +0 cloak
rCorr   .          Rampage  .   (no gloves)
Will    ++...                   (no boots)
Stlth   ..........              (no amulet)
HPRegen 3.26/turn               e - ring of flight
MPRegen 0.11/turn               (no ring)

@: berserking, strong-willed, flying, regenerating, very quick
A: powered by death 2, spiny 1, demonic touch 1
a: Renounce Religion, Berserk, Trog's Hand


You were on level 6 of the Dungeon.
You worshipped Trog.
Trog was most pleased with you.
You visited 1 branch of the dungeon, and saw 6 of its levels.

You collected 303 gold pieces.

Inventory:

Hand Weapons
 a - a +2 hand axe (weapon)
 p - a +0 flail
Missiles
 r - 2 silver javelins (quivered)
Armour
 c - a +0 cloak (worn)
 i - a +0 chain mail (worn)
 o - a +0 helmet (worn)
Jewellery
 e - a ring of flight (left hand)
 l - an amulet of faith
 s - a +6 ring of intelligence
 u - a ring of willpower
Wands
 h - a wand of flame (18)
Scrolls
 t - a scroll of amnesia {unknown}
Potions
 b - a potion of curing
 d - a potion of cancellation
 f - a potion of berserk rage
 g - a potion of resistance {unknown}
 j - a potion of attraction {unknown}
 k - 3 potions of flight
 m - a potion of haste
 n - a potion of heal wounds
 q - 2 potions of brilliance {unknown}
 v - 3 potions of ambrosia


   Skills:
 * Level 6.3 Fighting
 * Level 5.8 Axes
 + Level 3.8 Armour
 + Level 3.9 Dodging
 * Level 4.2 Unarmed Combat


You had 7 spell levels left.
You didn't know any spells.
Your spell library was empty.

Dungeon Overview and Level Annotations

Branches:
Dungeon (6/15)
 Temple: D:4-7

Altars:
The Shining One


Innate Abilities, Weirdness & Mutations

You regenerate health from kills.
You are partially covered in sharp spines.
Your touch may inflict minor irresistible damage on your foes.


Message History

The black bear is struck by your spines.
The black bear closely misses you. The black bear barely misses you.
The black bear closely misses you. The acid dragon spits acid at you.
The splash of acid hits you!!!
Ouch! That really hurt!
The water moccasin bites you but does no damage.
Your skin crawls.
You feel strong-willed.
The water moccasin is struck by your spines.
The water moccasin bites you.
The black bear is struck by your spines.
The black bear bites you but does no damage.
The black bear barely misses you.
The black bear claws you but does no damage.
A red film seems to cover your vision as you go berserk!
You feel yourself moving faster!
You feel mighty!
The water moccasin is struck by your spines.
The water moccasin bites you but does no damage.
The black bear goes berserk!
Unknown command.
You slash the two-headed ogre!
You touch the two-headed ogre!
The two-headed ogre is moderately wounded.
You slash the water moccasin!
You kill the water moccasin!
Trog accepts your kill.
You hit the black bear.
The black bear is struck by your spines.
The black bear bites you but does no damage.
The black bear claws you but does no damage. x2
You slash the two-headed ogre!
The two-headed ogre is heavily wounded.
You hit the black bear.
You kill the black bear!
Trog accepts your kill.
The two-headed ogre is struck by your spines.
The two-headed ogre hits you with a +0 giant club!!
* * * LOW HITPOINT WARNING * * *
The two-headed ogre hits you with a +0 giant spiked club!
You die...

#.... ... #...... ....
##....... .....
#........ .....
#........
.....####.......♣
......#.'.......$
#...'.......?
#...#@O.....♣
##...#†.D.....
#########....#.$......
##≈♣≈.........##.......
##≈♣≈...........##......
#≈P≈≈............##.....
#♣≈≈≈≈.)..........##....
♣PP≈≈.†.........## #...
#♣♣≈≈...........#


You could see a two-headed ogre and an acid dragon.

Vanquished Creatures
  2 water moccasins
  A black bear (D:6)
  An ogre (D:4)
  2 centaurs
  Blork the orc (D:4)
  A necrophage (D:5)
  4 scorpions
  The ghost of DocClef the Sneak, a weakling DrDe (D:5)
  5 killer bees (D:5)
  3 hounds
  An orc priest (D:5)
  A gnoll shaman (D:5)
  An iguana (D:6)
  5 orc wizards
  4 adders
  6 gnolls
  An ufetubus (D:5)
  4 worms
  2 dart slugs (D:4)
  14 orcs
  4 endoplasms
  9 giant cockroaches
  6 goblins
  7 hobgoblins
  6 quokkas
  10 ball pythons
  5 bats
  2 frilled lizards
  9 kobolds
  5 rats
123 creatures vanquished.

Vanquished Creatures (others)
  3 plants
3 creatures vanquished.

Grand Total: 126 creatures vanquished

Notes
Turn   | Place    | Note
-------+----------+-------------------------------------------
     0 | D:1      | sammy202020 the Demonspawn Berserker began the quest for
                  | the Orb.
     0 | D:1      | Reached XP level 1. HP: 18/18 MP: 1/1
   204 | D:1      | Found a faded altar of an unknown god.
   414 | D:1      | Gained mutation: You regenerate a little health from kills.
                  | [demonic ancestry]
   414 | D:1      | Reached XP level 2. HP: 24/24 MP: 2/2
   961 | D:2      | Reached ** piety under Trog
   962 | D:2      | Gained mutation: You regenerate health from kills. [demonic
                  | ancestry]
   962 | D:2      | Reached XP level 3. HP: 21/29 MP: 3/3
  1138 | D:2      | You fall into a shaft and drop 1 floor!
  1275 | D:3      | Gained mutation: You are partially covered in sharp spines.
                  | [demonic ancestry]
  1275 | D:3      | Reached XP level 4. HP: 8/37 MP: 4/4
  2021 | D:3      | Reached skill level 4 in Fighting
  2026 | D:3      | Gained mutation: Your touch may inflict minor irresistible
                  | damage on your foes. [demonic ancestry]
  2026 | D:3      | Reached XP level 5. HP: 42/42 MP: 5/5
  2223 | D:4      | Noticed Blork the orc
  2235 | D:4      | Killed Blork the orc
  2494 | D:4      | Reached skill level 1 in Unarmed Combat
  2494 | D:4      | Reached XP level 6. HP: 49/49 MP: 6/6
  2541 | D:4      | Reached *** piety under Trog
  3305 | D:5      | Entered Level 5 of the Dungeon
  3317 | D:5      | Reached XP level 7. HP: 40/55 MP: 7/7
  3441 | D:5      | Reached skill level 5 in Fighting
  3909 | D:5      | Reached skill level 5 in Axes
  4052 | D:5      | Reached XP level 8. HP: 63/63 MP: 8/8
  4099 | D:5      | Noticed DocClef's ghost (weakling DrDe)
  4100 | D:5      | Found a transporter.
  4101 | D:5      | Found a transporter.
  4139 | D:5      | Killed DocClef's ghost
  4140 | D:5      | Reached skill level 6 in Fighting
  4745 | D:6      | Noticed a two-headed ogre
  4752 | D:6      | Slain by a two-headed ogre

Illustrated notes

Levels and vault maps discovered:
D:1:      minmay_arrival_shattered_statue, layout_loops_ring,
          shapermc_ecumenical_altar_mp_ritualfount, grunt_decor_cap,
          minivault_4, minmay_worlds_worst_comb
D:2:      layout_basic, basic_altar, minmay_misc_feat_doors
D:3:      layout_basic, serial_shops, shop, grunt_ministairs_14
D:4:      layout_basic, hangedman_decor_riveting, uniq_blork_the_orc
D:5:      layout_cave_pods, gammafunk_ghost_hive, grunt_ministairs_4
D:6:      kennysheep_big_flooded_room, layout_cave_pods,
          nicolae_uskayaw_suspiria, lemuel_round_altar,
          kennysheep_okawaru_gauntlet, serial_bayou, serial_bayou_lake_a,
          serial_bayou_pond_c, serial_bayou_lagoon_a, serial_bayou_shore_b,
          uniq_crazy_yiuf_cottage

Skill      XL: |  1  2  3  4  5  6  7  8 |
---------------+-------------------------+-----
Dodging        | 2 3 |  3.9
Axes           | 3 4 5 |  5.8
Armour         | 2 3 |  3.8
Fighting       | 4 5 6 |  6.3
Unarmed Combat | 1 2 3 4 |  4.2

Action                   |  1- 3 |  4- 6 |  7- 9 || total
-------------------------+-------+-------+-------++-------
Melee: Hand axe          |   131 |   101 |   100 ||   332
       Punch             |     1 |     2 |     1 ||     4
       Touch             |       |    13 |    12 ||    25
Invok: Berserk           |     1 |     2 |     2 ||     5
       Trog's Hand       |       |       |     2 ||     2
  Use: Scroll            |     3 |     9 |     1 ||    13
 Stab: Sleeping          |     1 |       |       ||     1
Armor: Animal skin       |     5 |       |       ||     5
       Scale mail        |    29 |    35 |     6 ||    70
       Chain mail        |       |       |    77 ||    77
Dodge: Dodged            |    82 |    53 |    49 ||   184

Table legend: (Time is in decaauts)
 A = Elapsed time spent in this place.
 B = Non-inter-level travel time spent in this place.
 C = Inter-level travel time spent in this place.
 D = Time resting spent in this place.
 E = Time spent auto-exploring this place.
 F = Levels seen in this place.
 G = Mean time per level.
                   A        B        C        D        E       F      G
               +--------+--------+--------+--------+--------+-----+--------+
         Total |   4819 |   4687 |    132 |    114 |   3520 |   6 |  803.2 |
       Dungeon |   4819 |   4687 |    132 |    114 |   3520 |   6 |  803.2 |
               +--------+--------+--------+--------+--------+-----+--------+

Top non-repeatable levels by time:
     D:5: 1263 daAuts
     D:4: 1100 daAuts
     D:1: 966 daAuts
     D:2: 824 daAuts
     D:3: 469 daAuts
     D:6: 194 daAuts
